 Dungeon Crawl Stone Soup version 0.20.1-1-g8b1a95d66d (webtiles) character file.

57 Jynx the Insei (level 3, -3/28 HPs)
             Began as a Draconian Transmuter on Dec 28, 2017.
             Slain by a hound (5 damage)
             ... on level 2 of the Dungeon.
             The game lasted 00:04:08 (1531 turns).

Jynx the Insei (Draconian Transmuter)               Turns: 1531, Time: 00:04:10

Health: -3/28      AC:  5    Str: 12    XL:     3   Next: 73%
Magic:  5/6        EV: 12    Int: 13    God:
Gold:   64         SH:  0    Dex: 12    Spells: 3/6 levels left

rFire    . . .     SeeInvis .     - Unarmed
rCold    . . .     Gourm    .   (no shield)
rNeg     . . .     Faith    .   (armour unavailable)
rPois    .         Spirit   .   (helmet restricted)
rElec    .         Reflect  .   (no cloak)
rCorr    .         Harm     .   (no gloves)
MR       .....                  (boots currently unavailable)
Stlth    +.........             (no amulet)
Regen    0.1/turn               (no ring)
MPRegen  0.1/turn               (no ring)

@: appendage (expiring)
A: unfitting armour, talons 3, cold-blooded, AC +5
a: End Transformation


You were on level 2 of the Dungeon.
You were hungry.
You had grown temporary talons.
You visited 1 branch of the dungeon, and saw 2 of its levels.

You collected 64 gold pieces.

Inventory:

Missiles
 a - 12 arrows
Scrolls
 f - a scroll of teleportation
 j - 4 scrolls of enchant weapon {unknown}
 k - a scroll of fog {unknown}
Potions
 d - a potion of curing
 e - a potion of heal wounds
 i - a potion of degeneration {unknown}
Books
 b - a book of Changes

   Spells                             Type                      Level
   a - Beastly Appendage              Transmutation                1
   b - Sticks to Snakes               Transmutation                2
   c - Spider Form                    Transmutation/Poison         3
   d - Ice Form                       Ice/Transmutation            4
   e - Blade Hands                    Transmutation                5
Comestibles
 c - 2 bread rations
 g - 2 chunks of flesh
 h - a royal jelly


   Skills:
 + Level 1.3 Fighting
 + Level 2.0 Dodging
 + Level 0.4 Stealth
 + Level 3.9 Unarmed Combat
 + Level 2.4 Spellcasting
 + Level 2.4 Transmutations


You had 3 spell levels left.
You knew the following spells:

 Your Spells              Type           Power        Failure   Level  Hunger
a - Beastly Appendage     Tmut           #.....       9%          1    #......
b - Sticks to Snakes      Tmut           #.......     14%         2    ###....


Dungeon Overview and Level Annotations

Branches:
Dungeon (2/15)

Altars:


Innate Abilities, Weirdness & Mutations

Your plain brown scales are hard. (AC +5)
You cannot fit into any form of body armour.
You are cold-blooded and may be slowed by cold attacks.
You have claws for feet.


Message History

You are too injured to fight recklessly!
You miss the hound.
The hound is almost dead.
The hound bites you.
* * * LOW HITPOINT WARNING * * *
You barely miss the hound. You claw the hound, but do no damage.
The hound is almost dead.
The hound bites you.
* * * LOW HITPOINT WARNING * * *
The hound closely misses you.
You barely miss the hound. Your kick misses the hound.
The hound is almost dead.
The hound bites you but does no damage.
You barely miss the hound. Your kick misses the hound.
The hound is almost dead.
Your transformation is almost over.
The hound bites you.
* * * LOW HITPOINT WARNING * * *
The hound bites you.
You die...

##....................#
##......
......)...(............$#
#....##
........................#
..##...
...........[........##..#
### ###
......................#..
........##.#(..#..###....
........##...#.÷....##(.
........#..#..#.#.......
.......##.#.....@.......
..........#.....†h......
..................
...###.........#... ...
#..####....... #.#
....... #.. ....... ..
.......


You could see a hound.

Vanquished Creatures
  2 adders (D:2)
  A worm (D:2)
  A leopard gecko (D:1)
  7 bats
  A giant cockroach (D:1)
  6 goblins
  3 hobgoblins (D:1)
  A quokka (D:2)
  A ball python (D:1)
  5 frilled lizards
  4 kobolds
  5 rats
37 creatures vanquished.

Notes
Turn   | Place    | Note
-------+----------+-------------------------------------------
     0 | D:1      | Jynx the Draconian Transmuter began the quest for the Orb.
     0 | D:1      | Reached XP level 1. HP: 16/16 MP: 3/3
   371 | D:1      | Reached XP level 2. HP: 23/23 MP: 5/5
   998 | D:1      | Learned a level 2 spell: Sticks to Snakes
  1098 | D:2      | Reached XP level 3. HP: 22/28 MP: 4/6
  1531 | D:2      | Slain by a hound

Skill      XL: |  1  2  3 |
---------------+----------+-----
Dodging        | 2 |  2.0
Fighting       | |  1.3
Stealth        | |  0.4
Unarmed Combat | |  3.9
Spellcasting   | |  2.4
Transmutations | |  2.4

Action                   || total
-------------------------++-------
Melee: Unarmed           ||   122
       Tailslap          ||    10
       Headbutt          ||     5
       Kick              ||     7
 Cast: Beastly Appendage ||    26
  Use: Scroll            ||     3
  Eat: Chunk             ||     2
Armor: Skin              ||    60
Dodge: Dodged            ||   105
